AoeStats
← Sir Tristan

Arabia

510345595Analyzed
1v1 RM · 3d ago on Sep 30, 2026· 47m 42s· 2 players
Game mode
Random Map
Map size
Tiny (2 player)
Population
200
Speed
Normal
Resources
Standard
Victory
Conquest
Starting age
Dark Age
Ending age
Imperial Age
RankedLock teamsTeams togetherTeam positionsShared explorationLock speedFull tech treeHidden civsTurbo modeCheats
Victory
Defeat
🇬🇷 Burgundians · Greece
1004
+15
🇦🇷 Franks · Argentina
986
-15
Pink Floyd
0:43 Loom
9:57 Feudal Age
10:41 Double-Bit Axe
12:06 Arson
12:52 Man-at-Arms
15:36 Gold Mining
17:45 Wheelbarrow
22:37 Castle Age
22:44 Long Swordsman
23:10 Gambesons
23:26 Squires
23:27 Scale Mail Armor
27:00 Pikeman
29:11 Forging
30:22 Gold Shaft Mining
30:06 Bow Saw
31:28 Hand Cart
30:59 Town Watch
31:38 Hand Cart
36:58 Stone Mining
37:57 Ordonnance Companies
38:29 Fletching
39:07 Bodkin Arrow
42:52 Imperial Age
44:07 Chain Mail Armor
44:28 Iron Casting
44:03 Elite Throwing Axeman
46:51 Plate Mail Armor
47:22 Blast Furnace
Sir Tristan
7:44 Loom
10:10 Feudal Age
10:50 Double-Bit Axe
11:10 Horse Collar
19:23 Castle Age
18:07 Forging
18:28 Scale Barding Armor
21:30 Husbandry
21:47 Cavalier
23:49 Wheelbarrow
24:02 Iron Casting
30:42 Town Watch
31:19 Chain Barding Armor
34:23 Imperial Age
33:15 Gold Mining
33:17 Stone Mining
33:39 Bow Saw
33:31 Heavy Plow
34:40 Hand Cart
35:30 Two-Man Saw
36:42 Blast Furnace
36:44 Plate Barding Armor
37:03 Town Patrol
37:06 Fletching
37:17 Padded Archer Armor
39:27 Gold Shaft Mining
39:30 Stone Shaft Mining
42:16 Chemistry
41:43 Conscription
41:20 Crossbowman
41:58 Bodkin Arrow
43:59 Ballistics
44:26 Bracer
47:15 Paladin
Connection lost

Rejoining the realm…

Still unreachable

The connection could not be restored.

Session expired

The server has moved on; the page needs a fresh start.